Map: Tokamak LE

Players

Kelazhur

  • Race: Terran Terran
  • League: Master
  • Spawn Location: 7:00

STZsOs (sOs) - Winner!

  • Race: Protoss Protoss
  • Spawn Location: 1:00

Event: HomeStory Cup XXVII

VOD

Have the link to the VOD?

Description

Time

  • Played on: June 28, 2025, 11:06 a.m.
  • Length: 19:01

All games in this series

Show
View Real Time Build Order
Export as new Build Order

Kelazhur Terran 

Build Orders: Cyclone Opening 

Get SALT Encoding   

  12  0:00  SCV  
  13  0:12  SCV  
  14  0:16  Supply Depot  
  14  0:24  SCV  
  15  0:38  SCV  
  15  0:39  Barracks  
  16  0:42  Refinery  
  16  0:50  SCV  
  17  1:02  SCV  
  18  1:14  SCV  
  19  1:26  Orbital Command, Marine  
  20  1:38  Command Center  
  20  1:50  Factory  
  20  1:53  SCV  
  21  1:58  Barracks Tech Lab  
  21  2:04  Supply Depot  
  21  2:06  SCV  
  22  2:12  Refinery  
  22  2:18  SCV  
  23  2:31  SCV  
  24  2:40  Cyclone  
  24  2:42  Marine  
  24  2:43  SCV  
  29  2:50  Orbital Command  
  29  2:55  SCV  
  29  2:56  Starport  
  29  3:05  Barracks Reactor  
  29  3:07  SCV  
  29  3:12  Widow Mine  
  32  3:16  SCV  
  32  3:19  SCV  
  34  3:20  Barracks  
  34  3:24  Barracks  
  34  3:28  SCV  
  34  3:31  SCV  
  34  3:34  Widow Mine  
  38  3:35  Medivac  
  40  3:41  SCV  
  40  3:44  SCV  
  40  3:46  Supply Depot  
  42  3:51  Marine x2  
  42  3:54  SCV  
  45  3:56  SCV  
  45  4:00  Supply Depot  
  46  4:08  Siege Tank  
  49  4:10  SCV  
  49  4:12  Marine  
  49  4:13  Marine  
  49  4:15  SCV  
  53  4:20  Marine  
  53  4:21  Marine, Medivac  
  53  4:23  SCV  
  58  4:24  Supply Depot  
  58  4:31  Supply Depot  
  58  4:32  Marine x2  
  58  4:35  SCV x2  
  62  4:47  SCV x2  
  69  4:55  Refinery  
  69  4:56  Command Center  
  69  4:59  SCV x2  
  66  5:00  Starport Reactor, Barracks Tech Lab  
  66  5:06  Supply Depot, Stimpack, Marine  
  67  5:11  SCV x2  
  69  5:14  Marine x2  
  69  5:15  Refinery  
  69  5:20  Combat Shield  
  69  5:21  Engineering Bay  
  71  5:23  SCV x2  
  71  5:25  Marine  
  71  5:26  Marine  
  71  5:27  Factory Reactor  
  75  5:32  Supply Depot  
  75  5:35  SCV x2  
  77  5:36  Marine x2  
  79  5:45  Marauder x2  
  79  5:46  Medivac  
  79  5:47  SCV  
  86  5:50  Terran Infantry Weapons Level 1  
  86  5:53  SCV  
  87  5:57  Supply Depot  
  87  5:59  SCV  
  87  6:03  Marine x2  
  88  6:08  Marauder x2, Medivac  
  88  6:09  Widow Mine x2  
  96  6:15  SCV x2  
  96  6:18  Barracks  
  98  6:19  Barracks  
  98  6:22  Marine x2  
  100  6:27  SCV x2  
  100  6:30  Widow Mine x2  
  100  6:31  Marauder x2  
  110  6:35  Supply Depot  
  110  6:38  Planetary Fortress  
  111  6:40  SCV  
  111  6:45  SCV  
  112  6:48  Marine x2  
  112  6:52  Supply Depot, SCV  
  112  6:53  Marauder  
  117  6:59  SCV  
  120  7:04  SCV  
  121  7:10  Viking  
  121  7:11  Viking  
  121  7:14  Marauder, Marine  
  121  7:15  Barracks Tech Lab  
  126  7:16  Marauder, Marine  
  126  7:17  SCV x2  
  132  7:28  SCV  
  132  7:29  SCV  
  133  7:31  Ghost Academy  
  133  7:33  Supply Depot  
  133  7:34  Barracks Reactor  
  133  7:40  Supply Depot, Armory  
  133  7:45  Terran Infantry Armor Level 1  
  133  7:53  Marine  
  133  7:54  Viking x2  
  133  7:55  Marauder x2, Marine  
  133  7:56  Marauder  
  138  8:02  Refinery x2  
  138  8:03  Supply Depot  
  138  8:05  Supply Depot  
  138  8:11  Marine x3, Concussive Shells  
  141  8:15  Ghost x2  
  141  8:18  SCV x2  
  149  8:22  Command Center  
  149  8:25  SCV  
  150  8:30  SCV  
  151  8:40  Marauder, Marine x3  
  154  8:42  Viking x2  
  154  8:44  Ghost  
  154  8:45  Starport  
  160  8:59  Marine x3  
  160  9:01  Supply Depot  
  163  9:04  Supply Depot  
  163  9:05  Supply Depot  
  163  9:07  Marauder  
  165  9:12  Supply Depot  
  164  9:22  Marauder, Viking  
  166  9:32  Marauder  
  149  9:38  Terran Infantry Weapons Level 2  
  149  9:39  Viking x2  
  149  9:40  Viking  
  149  9:41  Marine x4  
  149  9:43  Ghost  
  160  9:46  SCV x3  
  160  9:52  Marauder, Viking, Barracks  
  167  9:53  Barracks  
  167  9:55  Barracks  
  167  9:58  SCV x3  
  170  10:00  Marine x3  
  170  10:02  Marauder  
  175  10:10  SCV x3  
  175  10:13  Marauder, Medivac  
  182  10:15  Marauder, Viking  
  182  10:17  Viking  
  188  10:22  SCV, Planetary Fortress  
  188  10:24  Marauder, Marine  
  192  10:29  Marine x3  
  195  10:37  Viking  
  197  10:43  Ghost  
  197  10:44  Barracks Tech Lab x2, Barracks Reactor  
  196  11:18  Marauder  
  157  11:20  Marauder  
  157  11:22  Marauder x2, Marine  
  144  11:27  Marine  
  144  11:28  Marauder, Marine x4  
  139  11:39  Marauder, Marine  
  128  11:41  Marine  
  128  11:43  Marine x2  
  128  11:45  Marine x5  
  128  11:46  Command Center  
  137  11:47  Command Center, Medivac x3  
  137  11:49  Marauder  
  137  11:50  Fusion Core  
  137  11:52  Engineering Bay  
  145  11:54  SCV x3  
  145  11:57  Marine  
  145  11:59  Marauder  
  145  12:00  Refinery, Marine  
  145  12:01  Marine x2  
  153  12:03  Missile Turret, Marine x5  
  153  12:04  Missile Turret  
  153  12:06  SCV  
  160  12:08  Missile Turret  
  159  12:20  Ghost x2  
  159  12:21  Marine  
  151  12:25  Ghost  
  151  12:26  Marauder x2, Marine x5  
  151  12:29  Terran Infantry Weapons Level 3  
  163  12:32  Caduceus Reactor  
  163  12:39  Marine  
  163  12:42  Terran Ship Weapons Level 1  
  163  12:43  Terran Infantry Armor Level 2  
  164  12:44  Marine x3  
  164  12:46  Ghost, Marine  
  164  12:47  Marauder, Marine  
  164  12:49  Marine  
  164  12:50  Marauder  
  164  12:51  Sensor Tower  
  177  12:53  Refinery  
  176  13:01  Medivac x3  
  172  13:06  Marauder  
  172  13:11  Ghost  
  172  13:12  Marauder x2, Marine x3  
  181  13:16  Widow Mine  
  181  13:19  Liberator  
  186  13:25  Command Center  
  186  13:27  Marauder x2, Marine x2  
  186  13:31  Liberator x2  
  196  13:48  Liberator  
  199  13:49  Marine  
  199  13:54  Command Center  
  198  14:03  Missile Turret  
  198  14:06  Ghost x2  
  198  14:08  Ghost x2  
  194  14:14  Ghost  
  157  14:17  Marine x6  
  157  14:24  Widow Mine  
  142  14:32  Liberator x2  
  142  14:35  Marauder, Marine x2  
  142  14:36  Marauder  
  142  14:37  Marauder, Planetary Fortress  
  152  14:45  Widow Mine  
  154  14:46  Terran Ship Weapons Level 2  
  154  14:49  Liberator, Medivac  
  154  14:50  Marine x2  
  154  14:51  Marine x2  
  163  14:53  Marauder  
  164  15:02  Advanced Ballistics  
  155  15:15  Ghost x2  
  159  15:22  Liberator  
  159  15:23  Sensor Tower, Ghost x2, Liberator  
  171  15:33  Marauder, Marine  
  174  15:40  Liberator x2  
  177  15:44  Marauder  
  177  15:47  Ghost  
  170  15:56  Ghost  
  173  16:04  Ghost x2  
  175  16:16  Ghost  
  175  16:17  Marine  
  175  16:18  Liberator  
  174  16:21  Marauder  
  174  16:22  Widow Mine  
  179  16:26  Marauder  
  179  16:33  Ghost  
  179  16:37  Command Center, Marine x7  
  179  16:38  Refinery x2, Liberator  
  192  16:42  Marine  
  192  16:46  Marauder  
  183  16:47  Marauder  
  157  16:55  Marauder, Marine x6  
  158  17:02  Marine  
  158  17:07  Marine  
  158  17:08  Marine  
  158  17:09  Liberator  
  158  17:12  Marine  
  158  17:13  Marine  
  161  17:17  Marauder  
  161  17:20  Marauder  
  165  17:25  Marauder  
  162  17:32  Marauder, Marine  
  165  17:42  Marauder  
  166  17:45  Medivac x2  
  166  17:46  Marauder  
  166  17:48  Marauder, Marine  
  166  17:49  Marine  
  165  17:54  Marauder, Marine  
  165  18:03  Marauder  
  127  18:11  Medivac x2  
Show
View Real Time Build Order
Export as new Build Order

STZsOs Protoss - Winner!

Build Orders: 1 Gate Expand, Phoenix Opening, Colossus Rush 

Get SALT Encoding   

  12  0:00  Probe  
  13  0:12  Probe  
  14  0:18  Pylon  
  14  0:24  Probe  
  15  0:32  Probe  
  15  0:37  Gateway  
  15  0:40  Probe  
  16  0:45  Assimilator  
  17  0:51  Probe  
  18  1:03  Probe  
  19  1:15  Probe  
  20  1:24  Cybernetics Core  
  20  1:33  Nexus  
  20  1:34  Probe  
  21  1:42  Pylon  
  21  1:46  Probe  
  22  1:49  Assimilator  
  22  1:50  Adept  
  22  1:58  Probe  
  25  2:02  Warp Gate  
  25  2:11  Probe  
  26  2:20  Adept  
  28  2:24  Probe  
  28  2:34  Twilight Council  
  28  2:36  Probe  
  29  2:41  Probe  
  29  2:44  Gateway  
  29  2:48  Probe  
  31  2:51  Probe  
  31  2:57  Stalker  
  32  3:00  Probe  
  32  3:02  Probe  
  36  3:10  Gateway  
  36  3:12  Probe  
  37  3:15  Probe, Charge  
  38  3:23  Probe  
  38  3:24  Probe  
  39  3:28  Phoenix  
  39  3:29  Sentry  
  39  3:33  Pylon, Probe  
  42  3:36  Probe  
  42  3:40  Robotics Facility  
  44  3:43  Shield Battery  
  44  3:46  Probe  
  45  3:48  Probe  
  46  3:55  Stalker  
  46  3:57  Phoenix  
  46  3:58  Assimilator  
  46  4:02  Pylon  
  48  4:04  Probe  
  48  4:05  Probe  
  48  4:07  Zealot  
  48  4:09  Zealot  
  54  4:13  Pylon  
  54  4:20  Probe x2  
  56  4:27  Robotics Bay  
  60  4:32  Observer  
  60  4:33  Zealot x3  
  60  4:36  Probe  
  64  4:45  Probe  
  64  4:46  Immortal  
  63  4:58  Pylon, Zealot  
  69  5:14  Probe  
  69  5:17  Zealot x2  
  69  5:20  Pylon  
  74  5:30  Pylon  
  74  5:35  Nexus  
  74  5:36  Observer  
  74  5:37  Probe x2  
  76  5:44  Colossus  
  76  5:51  Stalker x2  
  76  5:52  Probe x2  
  87  6:11  Probe x2  
  87  6:12  Forge x2  
  89  6:20  Sentry, Zealot  
  89  6:25  Protoss Ground Armor Level 1, Protoss Ground Weapons Level 1, Pylon, Probe  
  94  6:32  Observer, Colossus  
  94  6:34  Pylon  
  94  6:43  Probe x2  
  102  6:52  Observer, Probe  
  103  6:55  Probe x2  
  103  7:00  Zealot x2  
  109  7:04  Probe  
  109  7:05  Observer, Gateway  
  109  7:07  Probe  
  111  7:08  Shield Battery  
  111  7:15  Probe  
  112  7:16  Probe  
  112  7:17  Observer  
  112  7:18  Pylon, Extended Thermal Lance  
  112  7:19  Probe  
  112  7:22  Gateway  
  114  7:25  Colossus  
  114  7:26  Gateway  
  114  7:28  Gateway  
  120  7:42  Pylon, Probe  
  121  7:45  Observer  
  121  7:47  Zealot x3  
  115  7:54  Probe  
  114  7:58  Pylon  
  114  8:01  Observer  
  114  8:05  Zealot  
  116  8:13  Nexus  
  116  8:16  Blink  
  116  8:17  Zealot x3  
  116  8:19  Colossus  
  122  8:20  Protoss Ground Weapons Level 2  
  122  8:24  Stalker x3  
  134  8:28  Shield Battery  
  134  8:36  Observer  
  134  8:41  Zealot x4  
  142  8:44  Protoss Ground Armor Level 2  
  142  8:45  Pylon  
  142  8:47  Pylon  
  142  8:51  Pylon  
  142  8:58  Pylon  
  142  9:02  Zealot x3  
  148  9:08  Zealot  
  148  9:09  Zealot x3  
  156  9:12  Probe  
  157  9:21  Pylon  
  157  9:23  Stalker x2  
  161  9:27  Zealot  
  141  9:42  Probe x3  
  140  9:53  Immortal  
  140  9:54  Zealot x5  
  140  9:55  Zealot x2  
  140  9:58  Pylon  
  158  10:04  Pylon  
  158  10:05  Gateway  
  158  10:06  Gateway, Probe  
  159  10:07  Probe  
  159  10:09  Probe  
  159  10:10  Pylon  
  161  10:23  Stalker x5  
  161  10:27  Stalker  
  161  10:28  Zealot  
  175  10:34  Disruptor  
  178  10:45  Probe  
  178  10:47  Zealot x3  
  178  10:48  Shield Battery, Zealot x3  
  191  10:54  Zealot  
  192  11:03  Pylon  
  192  11:09  Zealot x4  
  174  11:19  Stalker x5  
  150  11:32  Probe x3  
  133  11:40  Zealot x4  
  133  11:44  Gateway  
  133  11:46  Observer, Disruptor  
  141  11:51  Probe x3  
  144  11:56  Zealot x3  
  144  11:57  Zealot x2  
  144  12:00  Nexus  
  154  12:02  Pylon, Zealot x2  
  154  12:03  Protoss Ground Armor Level 3, Zealot  
  160  12:11  Observer  
  146  12:21  Observer  
  128  12:25  Zealot x9  
  144  12:31  Probe x3  
  144  12:32  Probe  
  148  12:43  Disruptor  
  152  12:46  Stalker x2  
  152  12:47  Zealot x3  
  152  12:49  Zealot  
  164  13:08  Zealot x6  
  164  13:09  Zealot x4  
  164  13:12  Disruptor  
  182  13:15  Protoss Ground Weapons Level 3, Robotics Facility  
  182  13:16  Probe x4  
  182  13:17  Probe  
  187  13:20  Assimilator  
  191  13:28  Pylon  
  182  13:52  Zealot x9  
  200  13:58  Photon Cannon  
  200  13:59  Shield Battery  
  200  14:02  Pylon  
  170  14:18  Disruptor  
  170  14:21  Zealot x7  
  170  14:22  Zealot x3  
  174  14:27  Probe  
  164  14:32  Observer  
  162  14:42  Stalker x7  
  162  14:43  Zealot x3  
  179  14:47  Nexus  
  179  14:59  Colossus  
  179  15:06  Colossus  
  179  15:07  Protoss Shields Level 1  
  179  15:12  Assimilator  
  179  15:13  Assimilator  
  183  15:18  Zealot x7  
  191  15:59  Stargate  
  189  16:06  Gateway  
  189  16:07  Gateway  
  189  16:08  Gateway  
  189  16:09  Gateway  
  185  16:22  Stalker x2  
  185  16:23  Stalker x5  
  199  16:28  Pylon  
  187  16:49  Zealot x8  
  187  17:05  Colossus x2  
  161  17:14  Stalker x5  
  161  17:15  Zealot x8  
  183  17:23  Probe  
  183  17:26  Photon Cannon  
  183  17:29  Shield Battery  
  180  17:31  Zealot  
  180  17:36  Zealot x8  
  196  17:56  Nexus  
  194  18:05  Sentry  
  177  18:06  Stalker x6, Zealot x3  
  177  18:07  Zealot x3  
  145  18:49  Stalker x4  
Tags
 
Add a new tag
Caveats
  • Supply blocks, unpowered buildings, or Contaminate may cause inaccurate times.
  • Supply counts are checked every 10 seconds.